Map: Ascension to Aiur LE

Players

Minato

  • Race: Zerg Zerg
  • Spawn Location: 5:00

DnS - Winner!

  • Race: Protoss Protoss
  • Spawn Location: 11:00

Event: WCS Jonkoping 2017

VOD

Have the link to the VOD?

Description

Time

  • Played on: June 17, 2017, 11 a.m.
  • Length: 17:07

All games in this series

Show
View Real Time Build Order
Export as new Build Order

Minato Zerg 

Build Orders: Hatch First, Lurkers 

Get SALT Encoding   

  12  0:01  Drone  
  13  0:12  Overlord  
  13  0:17  Drone  
  14  0:30  Drone x2  
  14  0:34  Drone  
  17  0:52  Hatchery  
  17  0:54  Drone  
  17  0:57  Drone  
  18  1:09  Extractor  
  17  1:13  Spawning Pool  
  17  1:16  Drone  
  17  1:19  Drone  
  18  1:28  Drone  
  19  1:39  Overlord  
  19  1:50  Drone  
  20  2:00  Queen, Zergling x2  
  23  2:04  Queen, Drone  
  26  2:12  Metabolic Boost  
  26  2:13  Drone  
  26  2:15  Drone  
  28  2:25  Drone  
  28  2:28  Drone  
  30  2:32  Drone  
  30  2:35  Queen  
  33  2:40  Drone  
  34  2:44  Zergling x2  
  34  2:48  Hatchery  
  34  2:51  Zergling x2  
  34  2:56  Overlord  
  35  2:59  Overlord  
  35  3:15  Drone x2  
  35  3:16  Drone x6  
  43  3:32  Drone  
  43  3:33  Spore Crawler x2  
  42  3:35  Drone x3  
  45  3:41  Evolution Chamber  
  45  3:43  Queen  
  46  3:50  Drone x5  
  46  3:51  Drone  
  46  3:54  Extractor  
  46  3:55  Overlord  
  51  4:02  Overlord x2  
  51  4:09  Baneling Nest  
  50  4:10  Zerg Melee Weapons Level 1  
  50  4:14  Spore Crawler  
  50  4:16  Drone x2  
  51  4:19  Drone x2  
  54  4:24  Drone x3  
  54  4:28  Drone x3  
  54  4:30  Zergling x2  
  60  4:31  Zergling x2  
  60  4:36  Zergling x4  
  63  4:44  Lair  
  63  4:45  Drone x3  
  66  4:53  Extractor  
  66  4:54  Drone x6  
  70  5:10  Drone x3  
  70  5:13  Zergling x2  
  70  5:14  Zergling x8  
  69  5:19  Zergling x6  
  63  5:27  Zergling x4  
  63  5:28  Zergling x10  
  70  5:34  Zergling x2  
  71  5:38  Drone x2  
  73  5:44  Centrifical Hooks, Hydralisk Den  
  73  5:45  Drone  
  73  5:48  Drone  
  74  5:50  Drone  
  74  5:54  Baneling x5  
  74  5:55  Zergling x10  
  80  6:00  Zergling x4  
  69  6:07  Zergling x6  
  69  6:10  Baneling  
  69  6:11  Baneling x3  
  70  6:12  Zergling x2  
  70  6:15  Zergling x8  
  67  6:31  Zergling x6  
  67  6:32  Zergling x6  
  69  6:35  Muscular Augments  
  64  6:43  Hydralisk x3  
  64  6:45  Zerg Melee Weapons Level 2  
  71  6:47  Drone x2  
  71  6:48  Baneling  
  71  6:49  Baneling  
  71  6:50  Zergling x4  
  71  6:53  Extractor, Drone x2  
  75  6:59  Drone x2  
  75  7:00  Drone  
  78  7:03  Extractor  
  78  7:05  Hydralisk x2  
  78  7:07  Overlord  
  78  7:08  Overlord x4  
  81  7:27  Drone x7  
  88  7:34  Hydralisk x2  
  88  7:35  Hydralisk x3  
  98  7:44  Hydralisk, Zergling x2  
  98  7:45  Zergling x2  
  98  7:46  Overseer  
  98  7:48  Overseer  
  102  7:53  Drone x3  
  102  7:54  Extractor  
  102  7:57  Hydralisk x2, Hatchery  
  107  8:00  Pneumatized Carapace  
  107  8:02  Hydralisk  
  109  8:06  Drone x2  
  109  8:07  Drone  
  109  8:09  Zergling x4  
  109  8:10  Zergling x2  
  109  8:12  Zergling x2  
  116  8:14  Baneling x5  
  116  8:15  Baneling  
  116  8:16  Baneling  
  116  8:19  Hydralisk, Zergling x2  
  118  8:21  Baneling x2  
  118  8:22  Baneling x2  
  118  8:32  Overlord x4  
  118  8:34  Lurker Den  
  118  8:45  Overlord  
  118  8:46  Overlord  
  118  8:57  Hydralisk x3  
  118  8:58  Hydralisk, Zergling x8  
  130  9:04  Hydralisk x2, Zergling x6  
  130  9:05  Zergling x4  
  138  9:11  Baneling x9  
  138  9:12  Baneling  
  138  9:13  Baneling x3  
  138  9:15  Zergling x2  
  138  9:16  Zergling x2  
  140  9:20  Zergling x6  
  143  9:28  Hydralisk x2  
  143  9:29  Zergling x6  
  136  9:42  Hydralisk x4, Zergling x2  
  136  9:43  Zergling x8  
  124  9:46  Hydralisk  
  124  9:47  Zergling x4  
  124  9:51  Hydralisk  
  122  9:52  Baneling  
  122  9:53  Baneling x6  
  122  9:54  Baneling  
  122  9:55  Baneling  
  122  9:56  Baneling x2  
  122  9:57  Baneling x2  
  122  9:58  Baneling  
  122  10:00  Zergling x4  
  122  10:05  Hydralisk, Zergling x4  
  127  10:09  Hydralisk  
  127  10:10  Zergling x4  
  128  10:19  Hydralisk x2, Zergling x8  
  131  10:24  Zerg Missile Weapons Level 1  
  131  10:26  Drone x4  
  136  10:28  Lurker  
  136  10:29  Extractor  
  136  10:30  Lurker  
  136  10:32  Lurker  
  136  10:33  Drone  
  136  10:34  Drone x2  
  140  10:37  Drone x2  
  140  10:38  Extractor  
  141  10:43  Lurker  
  141  10:45  Lurker  
  141  10:47  Queen  
  141  10:48  Drone x3  
  141  10:49  Drone x2  
  150  10:50  Drone  
  151  11:00  Overlord  
  151  11:01  Overlord x4  
  150  11:12  Lurker x4  
  150  11:15  Overseer x2  
  150  11:17  Overseer  
  154  11:20  Hatchery  
  153  11:26  Hydralisk x2  
  153  11:27  Hydralisk, Zergling x8  
  153  11:28  Zergling x2  
  164  11:36  Hydralisk x2, Zergling x4  
  164  11:37  Zergling x2  
  162  11:47  Hydralisk x3, Zergling x2  
  162  11:48  Zergling x6  
  162  11:49  Zergling x2  
  163  11:54  Hydralisk  
  163  11:55  Zergling x4  
  163  11:56  Zergling x2  
  160  12:01  Hydralisk x2  
  160  12:02  Zergling x4  
  160  12:03  Zergling x4  
  159  12:10  Lurker  
  159  12:11  Lurker x5  
  165  12:22  Zerg Missile Weapons Level 2  
  165  12:29  Hydralisk x2  
  150  12:30  Hydralisk x2, Zergling x10  
  150  12:35  Zergling x6  
  160  12:39  Lurker  
  160  12:43  Queen  
  163  12:48  Zergling x4  
  163  12:49  Zergling x2  
  166  12:55  Nydus Network  
  166  12:57  Lurker x6  
  171  13:08  Hydralisk x2, Zergling x2  
  171  13:09  Zergling x6  
  177  13:18  Hydralisk x2, Zergling x2  
  177  13:19  Zergling x4  
  181  13:31  Hydralisk x4  
  181  13:32  Zergling x4  
  191  13:35  Lurker x2  
  193  13:48  Overseer, Nydus Canal  
  193  13:55  Hydralisk  
  193  13:56  Hydralisk, Zergling x6  
  176  14:33  Hydralisk x3, Zergling x4  
  176  14:34  Zergling x2  
  176  14:38  Hydralisk x7, Zergling x10  
  171  14:39  Zergling x8  
  171  14:45  Overlord  
  183  15:03  Hydralisk x4  
  183  15:04  Hydralisk x2, Zergling x10  
  162  15:19  Hydralisk x3, Zergling x4  
  162  15:20  Zergling x2  
  166  15:25  Overseer  
  166  15:26  Overseer x4  
  163  15:28  Hydralisk x2  
  163  15:29  Zergling x6  
  170  15:37  Lurker x5  
  170  15:38  Lurker x2  
  170  15:39  Lurker  
  170  15:40  Lurker  
  179  15:48  Hydralisk x2, Zergling x4  
  185  15:54  Nydus Canal  
  185  16:01  Hydralisk x2, Zergling x4  
  185  16:02  Zergling x4  
  193  16:07  Overlord x2  
  183  16:21  Hydralisk x3, Zergling x2  
  183  16:22  Zergling x10  
  186  16:27  Hydralisk  
  186  16:28  Zergling x4  
  186  16:32  Nydus Canal  
  189  16:42  Hydralisk x2  
  189  16:43  Hydralisk, Zergling x8  
Show
View Real Time Build Order
Export as new Build Order

DnS Protoss - Winner!

Build Orders: 1 Gate Expand, Zealot Archon, Dark Templar Rush 

Get SALT Encoding   

  12  0:00  Probe (Chrono Boost)  
  13  0:11  Probe (Chrono Boost)  
  14  0:18  Pylon  
  14  0:22  Probe (Chrono Boost)  
  15  0:36  Probe (Chrono Boost)  
  15  0:38  Gateway  
  16  0:46  Probe (Chrono Boost)  
  16  0:49  Assimilator  
  17  0:57  Probe (Chrono Boost)  
  18  1:08  Probe (Chrono Boost)  
  19  1:19  Nexus  
  19  1:23  Probe (Chrono Boost)  
  20  1:32  Cybernetics Core  
  20  1:35  Probe (Chrono Boost)  
  21  1:40  Assimilator  
  21  1:46  Probe (Chrono Boost)  
  22  1:49  Pylon  
  22  1:56  Probe (Chrono Boost)  
  23  2:07  Probe (Chrono Boost)  
  23  2:08  Warp Gate, Adept (Chrono Boost)  
  26  2:19  Probe  
  26  2:20  Twilight Council  
  27  2:30  Probe  
  27  2:31  Probe  
  27  2:32  Adept (Chrono Boost)  
  31  2:41  Probe  
  31  2:43  Probe  
  33  2:52  Probe (Chrono Boost)  
  33  2:54  Robotics Facility  
  33  2:55  Probe (Chrono Boost)  
  35  3:03  Probe (Chrono Boost)  
  36  3:06  Probe (Chrono Boost)  
  36  3:07  Dark Shrine  
  37  3:14  Probe (Chrono Boost)  
  37  3:17  Probe (Chrono Boost)  
  39  3:25  Probe (Chrono Boost)  
  39  3:26  Gateway  
  40  3:27  Probe (Chrono Boost)  
  40  3:30  Adept  
  43  3:34  Mothership Core (Chrono Boost)  
  43  3:37  Probe (Chrono Boost)  
  43  3:40  Pylon  
  46  3:41  Pylon  
  46  3:52  Gateway  
  46  3:57  Probe  
  46  3:58  Probe  
  46  3:59  Warp Prism (Chrono Boost)  
  46  4:01  Gateway  
  50  4:06  Assimilator  
  50  4:07  Probe, Assimilator  
  51  4:10  Probe  
  52  4:17  Pylon  
  52  4:18  Probe  
  52  4:22  Probe  
  52  4:23  Dark Templar x2  
  58  4:28  Pylon, Probe  
  59  4:35  Probe  
  60  4:39  Probe  
  61  4:47  Probe  
  61  4:50  Nexus  
  62  4:57  Dark Templar x2  
  62  4:59  Pylon  
  66  5:00  Probe  
  66  5:01  Probe  
  68  5:11  Probe  
  68  5:12  Probe  
  70  5:22  Probe  
  70  5:27  Probe, Pylon  
  72  5:32  Archon x2  
  72  5:33  Dark Templar x3  
  72  5:34  Probe, Dark Templar  
  80  5:39  Forge  
  80  5:40  Probe  
  82  5:43  Pylon  
  82  5:46  Probe  
  82  5:49  Immortal (Chrono Boost)  
  85  6:06  Protoss Ground Weapons Level 1 (Chrono Boost)  
  85  6:08  Zealot x4, Charge  
  85  6:09  Archon  
  85  6:10  Probe x3  
  95  6:13  Assimilator  
  95  6:14  Assimilator  
  96  6:20  Probe  
  96  6:22  Probe  
  86  6:31  Probe  
  85  6:34  Immortal (Chrono Boost)  
  89  6:40  Probe  
  89  6:44  Gateway x2  
  89  6:45  Sentry x4  
  89  6:46  Gateway  
  98  6:49  Probe  
  98  6:50  Probe  
  98  6:52  Probe  
  101  6:54  Gateway  
  101  6:56  Gateway  
  101  7:01  Probe  
  101  7:05  Pylon  
  101  7:06  Pylon  
  102  7:10  Dark Templar x2  
  102  7:11  Zealot x2  
  102  7:12  Observer (Chrono Boost)  
  102  7:14  Pylon  
  111  7:17  Pylon, Archon  
  111  7:36  Dark Templar x2  
  115  7:38  Protoss Ground Weapons Level 2, Nexus  
  115  7:39  Pylon x2  
  115  7:42  Dark Templar x2, Archon  
  119  7:47  Archon  
  119  7:49  Zealot x3  
  125  7:56  Pylon  
  125  7:59  Dark Templar  
  125  8:00  Zealot  
  129  8:06  Probe x2  
  129  8:12  Photon Cannon  
  131  8:28  Photon Cannon  
  131  8:30  Photon Cannon, Templar Archives  
  131  8:32  Zealot x4, Dark Templar  
  131  8:33  Zealot x3  
  147  8:35  Assimilator  
  147  8:36  Archon  
  147  8:45  Assimilator  
  147  8:48  Photon Cannon  
  147  8:51  Photon Cannon  
  139  8:55  Warp Prism (Chrono Boost)  
  139  8:59  Robotics Facility  
  139  9:04  Psionic Storm  
  139  9:06  Dark Templar x2  
  139  9:07  Dark Templar x2  
  145  9:10  Archon x2  
  145  9:15  High Templar  
  147  9:21  High Templar  
  149  9:29  Zealot x3, Archon  
  123  9:46  Immortal (Chrono Boost)  
  123  9:48  Protoss Shields Level 1, Immortal (Chrono Boost)  
  123  9:52  Zealot x8  
  146  9:53  Zealot  
  144  10:20  High Templar  
  144  10:21  High Templar x5  
  148  10:22  Zealot x3  
  148  10:25  Archon  
  148  10:28  Immortal x2 (Chrono Boost)  
  166  10:51  Gateway  
  166  10:53  Gateway  
  166  10:54  High Templar x2  
  166  10:55  Gateway  
  170  10:59  Archon  
  170  11:01  Blink  
  170  11:02  Immortal x2 (Chrono Boost)  
  170  11:03  Gateway  
  176  11:19  Dark Templar  
  176  11:20  Zealot x5  
  176  11:24  Pylon  
  188  11:26  Pylon, Protoss Ground Weapons Level 3  
  188  11:27  Pylon x2  
  188  11:29  Pylon  
  184  11:36  Observer (Chrono Boost)  
  183  11:43  Observer (Chrono Boost)  
  184  11:48  Zealot x7  
  198  12:01  Stargate  
  190  12:02  Stargate  
  172  12:09  High Templar  
  172  12:10  High Templar x3  
  172  12:11  Dark Templar  
  172  12:12  Zealot x6  
  172  12:13  Zealot  
  172  12:15  Archon x2  
  178  12:41  Photon Cannon  
  178  12:42  Nexus  
  178  12:43  Pylon, High Templar x3  
  184  12:44  High Templar  
  184  12:46  Archon  
  184  12:48  Fleet Beacon  
  186  12:58  Stargate  
  186  13:00  Protoss Air Weapons Level 1 (Chrono Boost), Pylon  
  186  13:08  Oracle  
  189  13:16  Photon Cannon  
  189  13:17  Photon Cannon  
  189  13:18  Photon Cannon  
  175  13:20  Pylon  
  175  13:27  Assimilator, Archon  
  187  13:46  Assimilator  
  195  14:15  Zealot x2  
  193  14:33  Dark Templar x3  
  193  14:38  Zealot x8  
  181  14:39  Zealot x2  
  181  14:41  Observer  
  195  14:52  Probe x3  
  189  14:54  Probe  
  185  15:00  Zealot x5  
  185  15:03  Probe  
  160  15:17  Zealot x6  
  162  15:24  High Templar x4  
  162  15:28  Archon  
  168  15:40  Immortal  
  172  15:45  Zealot x7  
  186  16:04  Zealot  
  186  16:06  Stargate  
  186  16:08  Stargate  
  180  16:19  Pylon, Immortal  
  180  16:20  Archon  
  180  16:28  Observer  
  174  16:36  High Templar  
  174  16:37  High Templar x5  
  174  16:38  Zealot x5  
  192  16:40  Archon  
  192  16:41  Archon x2  
  192  17:05  Zealot x3  
  192  17:06  Zealot x2  
Tags
 
Add a new tag
Caveats
  • Supply blocks, unpowered buildings, or Contaminate may cause inaccurate times.
  • Supply counts are checked every 10 seconds.